 Dungeon Crawl Stone Soup version 0.31-a0-217-g58bb5d79cf (webtiles) character file.

Game seed: 2730286592206554092

15534 qw the Marksminotaur (level 12, 0/106 HPs)
             Began as a Minotaur Hexslinger on July 2, 2023.
             Was an Elder of Okawaru.
             Slain by a skeletal warrior
             ... wielding a +0 short sword
              (17 damage)
             ... on level 11 of the Dungeon.
             The game lasted 00:04:44 (10864 turns).

qw the Marksminotaur (Minotaur Hexslinger)         Turns: 10864, Time: 00:04:44

Health: 0/106      AC: 15    Str: 13    XL:     12   Next: 2%
Magic:  17/17      EV: 20    Int: 11    God:    Okawaru [****..]
Gold:   190        SH:  0    Dex: 18    Spells: 12/13 levels left

rFire   . . .        d - +2 arbalest (flame)
rCold   . . .        (shield currently unavailable)
rNeg    . . .        n - +0 steam dragon scales
rPois   +            (helmet restricted)
rElec   +            l - +2 cloak
rCorr   .            j - +0 pair of gloves
SInv    +            (no boots)
Will    .....        (no amulet)
Stlth   ++++         a - ring of Attitude {AC+4 Int+3 Slay+2}
HPRegen 0.37/turn    q - ring "Viysu" {rElec rPois Int-2 SInv Stlth+}
MPRegen 0.15/turn

%: no passive effects
@: about to teleport, heroic
A: horns 2, retaliatory headbutt
a: Renounce Religion, Heroism, Finesse


You were on level 11 of the Dungeon.
You worshipped Okawaru.
Okawaru was greatly pleased with you.
You visited 2 branches of the dungeon, and saw 12 of its levels.
You also visited: Sewer.

You collected 658 gold pieces.
You spent 468 gold pieces at shops.


Innate Abilities, Weirdness & Mutations

You have a pair of horns on your head.
You reflexively headbutt those who attack you in melee.


   Skills:
 - Level 10.0(15.0) Fighting
 - Level 15.0(20.0) Ranged Weapons
 - Level 4.0(9.0) Armour
 + Level 7.6(12.6) Dodging
 - Level 1.0 Spellcasting
 - Level 2.0 Hexes
 + Level 8.6 Invocations


You had 12 spell levels left.
You knew the following spells:

 Your Spells              Type           Power      Damage    Failure   Level
a - Slow                  Hex            16%        N/A       14%         1

Your spell library contained the following spells:

 Spells                   Type           Power      Damage    Failure   Level
 Inner Flame              Hex/Fire       2%         N/A       54%         3
 Portal Projectile        Hex/Tloc       4%         N/A       54%         3
 Cause Fear               Hex            2%         N/A       80%         4

Inventory:

Hand Weapons
 d - a +2 arbalest of flaming (weapon)
Armour
 j - a +0 pair of gloves (worn)
 l - a +2 cloak (worn)
 n - +0 steam dragon scales (worn)
Jewellery
 a - the ring of Attitude (left hand) {AC+4 Int+3 Slay+2}
   (You acquired it on level 1 of the Dungeon)

   [ring of protection]

   AC:        It affects your AC (+4).
   Int:       It affects your intelligence (+3).
   Slay:      It affects your accuracy & damage with ranged weapons and melee
   (+2).
 c - a +5 ring of evasion
 o - a ring of fire
 p - the ring of Higucain {*Slow rElec rPois rF+ Str+6}
   (You acquired it on level 1 of the Dungeon)

   [ring of strength]

   Str:       It affects your strength (+6).
   rF:        It protects you from fire.
   rElec:     It insulates you from electricity.
   rPois:     It protects you from poison.
   *Slow:     It may slow you when you take damage.
 q - the ring "Viysu" (right hand) {rElec rPois Int-2 SInv Stlth+}
   (You found it on level 10 of the Dungeon)

   [ring of see invisible]

   Int:       It affects your intelligence (-2).
   rElec:     It insulates you from electricity.
   rPois:     It protects you from poison.
   SInv:      It lets you see invisible.
   Stlth:     It makes you more stealthy.
Scrolls
 b - 6 scrolls of identify
Potions
 e - 3 potions of enlightenment
 f - a potion of might
 g - a potion of resistance
 h - 2 potions of mutation
 i - 11 potions of curing
 k - 6 potions of heal wounds

Dungeon Overview and Level Annotations

Branches:
Dungeon (11/15)            Temple (1/1) D:6            Lair (0/5) D:11
  Sewer (visited)
    Orc: D:9-12

Altars:
Ashenzari
Cheibriados
Dithmenos
Elyvilon
Fedhas
Gozag
Hepliaklqana
Kikubaaqudgha
Makhleb
Nemelex Xobeh
Okawaru
Qazlal
Ru
Sif Muna
Trog
Uskayaw
Vehumet
Wu Jian
Xom
Yredelemnul
Zin
The Shining One

Shops:
D:7 *   D:10 !((!

Portals:
Trove: D:11 (give 15 scrolls of teleportation)

Annotations:
D:3 1 runed translucent door, Crazy Yiuf
D:5 2 transporters, qw's ghost, novice DEHu
D:8 1 runed translucent door, qw's ghost, novice DEHu


Message History

You furiously retaliate!
You headbutt the skeletal warrior. You shoot a bolt.
The bolt hits the skeletal warrior!!
The bolt burns the skeletal warrior.
The skeletal warrior is heavily damaged.
The skeletal warrior hits you with a +0 battleaxe!
The skeletal warrior hits you but does no damage.
You shoot a bolt. The bolt hits the skeletal warrior!!
The bolt burns the skeletal warrior.
The skeletal warrior is almost destroyed.
The skeletal warrior completely misses you.
You furiously retaliate!
You headbutt the skeletal warrior.
The skeletal warrior hits you with a +0 short sword!
You shoot a bolt.
The bolt barely misses the skeletal warrior.
The skeletal warrior hits you with a +0 battleaxe!
The skeletal warrior hits you with a +0 short sword!
You shoot a bolt. The bolt hits the skeletal warrior!!
The bolt burns the skeletal warrior.
You destroy the skeletal warrior!
Okawaru accepts your kill.
The skeletal warrior hits you with a +0 short sword!
You have reached level 12!
You feel stronger.
You shoot a bolt.
The bolt hits the skeletal warrior but does no damage.
The skeletal warrior barely misses you. You furiously retaliate!
You headbutt the skeletal warrior. You shoot a bolt.
The bolt hits the skeletal warrior but does no damage.
The skeletal warrior is lightly damaged.
The skeletal warrior hits you but does no damage.
You shoot a bolt.
The bolt hits the skeletal warrior but does no damage.
The skeletal warrior is lightly damaged.
The skeletal warrior hits you with a +0 short sword!
A skeletal warrior comes into view. It is wielding a +0 dire flail.
10864 ||| READING scroll of teleportation.
As you read the scroll of teleportation, it crumbles to dust.
You feel strangely unstable.
The skeletal warrior hits you with a +0 short sword!
You die...

#^........#....#
..#..z......#.##.#
.##.).....)#.##.# ##
...............#####.
#)..)..!.##.#....)...
#........##.##.#####.
#......#.......# ##
#...z)#######.##
#.#.##..)@##.## #.#
#........##...## #.#
##.###.##..#..###.# #
###..###..##.# #..
#.##.##.#..# ##...
#=#...#.#### #..P.
#.#.#.#.# #.#..
#.#.#\#.# #....
#.#.###.# #....


You could see 2 skeletal warriors.

Vanquished Creatures
  Gastronok (D:8)
  Josephine (D:10)
  A boulder beetle (D:11)
  2 two-headed ogres
  Sonja (D:10)
  2 skeletal warriors (D:11)
  An ugly thing (D:11)
  Maggie (D:7)
  2 unseen horror zombies (D:8)
  A gargoyle (D:11)
  A troll (D:11)
  2 shadows (D:10)
  3 wraiths (D:10)
  11 yaks
  Grum (D:8)
  Menkaure (D:6)
  2 acid dragons
  5 water moccasins
  3 orc warriors
  A sky beast (D:7)
  5 black bears
  2 wolves (D:8)
  A centaur (D:6)
  4 kobold brigands
  A phantom (D:7)
  8 bullfrogs
  A gnoll sergeant (D:9)
  2 scorpions (D:6)
  21 wights
  26 killer bees
  A howler monkey (D:8)
  2 centaur zombies (D:8)
  2 jellies (D:6)
  5 orc priests
  A gnoll bouda (D:6)
  3 hounds
  2 iguanas
  Ijyb (D:3)
  10 orc wizards
  4 howler monkey zombies (D:8)
  17 gnolls
  3 river rats (Sewer)
  15 adders
  An ufetubus (D:4)
  5 worms
  2 dart slugs (D:1)
  27 orcs
  7 ball pythons
  2 bats
  8 endoplasms
  2 giant cockroaches
  A goblin (D:4)
  6 hobgoblins
  8 jackals
  5 quokkas
  7 frilled lizards
  19 kobolds
  9 rats
289 creatures vanquished.

Notes
Turn   | Place    | Note
-------+----------+-------------------------------------------
     0 | D:1      | qw the Minotaur Hexslinger began the quest for the Orb.
     0 | D:1      | Reached XP level 1. HP: 16/16 MP: 1/1
     0 | D:1      | 0 ||| qw: Version: 0.3-a-40-ge99b1a8
     0 | D:1      | 0 ||| qw: Game counter: 257
     0 | D:1      | 0 ||| qw: Melee chars always use a shield: true
     0 | D:1      | 0 ||| qw: God list: Okawaru
     0 | D:1      | 0 ||| qw: Allow faded altars: false
     0 | D:1      | 0 ||| qw: Do Orc after clearing Dungeon:15 true
     0 | D:1      | 0 ||| qw: Do second Lair branch before Depths: true
     0 | D:1      | 0 ||| qw: Lair rune preference: random
     0 | D:1      | 0 ||| qw: Goals: Normal
     0 | D:1      | 0 ||| PLANNING D:1-11
    28 | D:1      | Found a faded altar of an unknown god.
   157 | D:1      | Reached skill level 3 in Ranged Weapons
   175 | D:1      | 175 ||| FLEEEEING.
   187 | D:1      | Reached XP level 2. HP: 23/23 MP: 2/2
   884 | D:1      | 884 ||| READING scroll labelled WISSO FOUTSUDWETH.
   885 | D:1      | 885 ||| READING scroll labelled AMEYNG UMOAPN.
   886 | D:1      | 886 ||| READING scroll labelled OWEALL LAENUN.
   889 | D:1      | 889 ||| READING scroll labelled JIEFAGIE HOOME.
   890 | D:1      | 890 ||| READING 2 scrolls labelled GORARH YRRYGUB.
   890 | D:1      | Identified 2 scrolls of acquirement
   890 | D:1      | 890 ||| ACQUIRING ring of Attitude {AC+4 Int+3 Slay+2}
   890 | D:1      | Acquired the ring of Attitude {AC+4 Int+3 Slay+2}
   892 | D:1      | 892 ||| UPGRADING to ring of Attitude {AC+4 Int+3 Slay+2}.
   893 | D:1      | 893 ||| READING scroll of acquirement.
   893 | D:1      | 893 ||| ACQUIRING ring of Higucain {*Slow rElec rPois rF+
                  | Str+6}
   893 | D:1      | Acquired the ring of Higucain {*Slow rElec rPois rF+ Str+6}
   895 | D:1      | 895 ||| UPGRADING to ring of Higucain {*Slow rElec rPois
                  | rF+ Str+6}.
   896 | D:1      | 896 ||| DRINKING 2 fuming yellow potions.
   897 | D:1      | 897 ||| DRINKING 2 fizzy coppery potions.
  1002 | D:1      | 1002 ||| DROPPING scroll of poison.
  1003 | D:1      | 1003 ||| DROPPING potion of degeneration.
  1004 | D:1      | 1004 ||| DROPPING potion of berserk rage.
  1096 | D:2      | Reached XP level 3. HP: 24/29 MP: 3/3
  1236 | D:2      | Reached skill level 4 in Ranged Weapons
  1792 | D:2      | Reached XP level 4. HP: 36/36 MP: 4/4
  1905 | D:2      | 1905 ||| READING scroll labelled OLA FEIDOUNK.
  1906 | D:2      | 1906 ||| READING scroll labelled BICEBI VASOTI.
  2149 | D:3      | Noticed Ijyb
  2157 | D:3      | Killed Ijyb
  2158 | D:3      | Reached skill level 5 in Ranged Weapons
  2201 | D:3      | Found a shadowy altar of Dithmenos.
  2209 | D:3      | Found a shimmering altar of Xom.
  2209 | D:3      | Found an opulent altar of Gozag.
  2214 | D:3      | Found a broken altar of Ashenzari.
  2214 | D:3      | Found a snail-covered altar of Cheibriados.
  2214 | D:3      | Found a snail-covered altar of Cheibriados.
  2352 | D:3      | Found a runed translucent door.
  2353 | D:3      | Noticed Crazy Yiuf
  2356 | D:3      | 2356 ||| UPGRADING to +0 ring mail.
  2366 | D:3      | 2366 ||| DROPPING +0 robe.
  2367 | D:3      | 2367 ||| READING scroll labelled QIJIANNIBO.
  2368 | D:3      | 2368 ||| READING scroll labelled ONOMNO UMUP.
  2369 | D:3      | 2369 ||| READING scroll labelled AKEAQO YLAGO.
  2470 | D:3      | 2470 ||| DRINKING 2 metallic inky potions.
  2471 | D:3      | 2471 ||| DRINKING 4 ruby potions.
  2472 | D:3      | 2472 ||| READING 6 scrolls of identify.
  2472 | D:3      | 2472 ||| IDENTIFYING inky potion
  2473 | D:3      | 2473 ||| READING 5 scrolls of identify.
  2473 | D:3      | 2473 ||| IDENTIFYING clear potion
  2562 | D:4      | Reached skill level 3 in Fighting
  2562 | D:4      | Reached XP level 5. HP: 45/45 MP: 5/5
  2583 | D:4      | Reached skill level 1 in Armour
  2609 | D:4      | Noticed a black bear
  2614 | D:4      | Killed a black bear
  2615 | D:4      | Reached skill level 6 in Ranged Weapons
  2615 | D:4      | Reached XP level 6. HP: 45/51 MP: 6/6
  2699 | D:4      | 2699 ||| READING scroll of enchant weapon.
  2699 | D:4      | 2699 ||| ENCHANTING +2 sling of draining.
  2735 | D:4      | Found a sacrificial altar of Ru.
  2783 | D:4      | 2783 ||| FLEEEEING.
  2785 | D:4      | 2785 ||| DRINKING 3 potions of curing.
  2785 | D:4      | 2785 ||| (to cure confusion)
  2950 | D:4      | Found an ornate altar of the Wu Jian Council.
  2953 | D:4      | Found a bloodstained altar of Trog.
  3070 | D:4      | 3070 ||| READING 3 scrolls of brand weapon.
  3070 | D:4      | 3070 ||| BRANDING +3 sling of draining.
  3071 | D:4      | 3071 ||| READING 2 scrolls of brand weapon.
  3071 | D:4      | 3071 ||| BRANDING +3 sling of electrocution.
  3072 | D:4      | 3072 ||| READING scroll of brand weapon.
  3072 | D:4      | 3072 ||| BRANDING +3 sling of freezing.
  3436 | D:4      | 3436 ||| UPGRADING to +1 cloak.
  3441 | D:4      | 3441 ||| READING scroll of enchant armour.
  3441 | D:4      | 3441 ||| ENCHANTING +1 cloak.
  3442 | D:4      | 3442 ||| READING scroll labelled IROBRO QUDIUTU.
  3443 | D:4      | 3443 ||| READING scroll labelled ZOTOKH OGHEQ.
  3444 | D:4      | 3444 ||| READING 5 scrolls of identify.
  3444 | D:4      | 3444 ||| IDENTIFYING metallic silvery potion
  3445 | D:4      | 3445 ||| DROPPING potion of attraction.
  3474 | D:5      | Entered Level 5 of the Dungeon
  3475 | D:5      | 3475 ||| PLANNING SEWER
  3490 | D:5      | 3490 ||| STAIRDANCE
  3730 | D:5      | Noticed qw's ghost (novice DEHu)
  3730 | D:5      | Identified the +0 giant club of Superiority {flame, rF+
                  | Dex+4}
  3731 | D:5      | Found a transporter.
  3735 | D:5      | Found a transporter.
  3762 | D:5      | Reached skill level 7 in Ranged Weapons
  3894 | D:5      | Found a glowing drain.
  3908 | Sewer    | Entered a sewer
  3928 | Sewer    | 3928 ||| Stepping ~*~*~tactically~*~*~ (water).
  3933 | Sewer    | 3933 ||| Stepping ~*~*~tactically~*~*~ (water).
  3935 | Sewer    | 3935 ||| Stepping ~*~*~tactically~*~*~ (water).
  3939 | Sewer    | 3939 ||| Stepping ~*~*~tactically~*~*~ (water).
  3946 | Sewer    | Reached XP level 7. HP: 56/59 MP: 7/7
  3956 | Sewer    | 3956 ||| Stepping ~*~*~tactically~*~*~ (water).
  4111 | Sewer    | Reached skill level 8 in Ranged Weapons
  4224 | Sewer    | 4224 ||| Stepping ~*~*~tactically~*~*~ (water).
  4241 | Sewer    | 4241 ||| READING scroll of brand weapon.
  4241 | Sewer    | 4241 ||| BRANDING +3 sling of draining.
  4446 | Sewer    | 4446 ||| DRINKING 2 smoky grey potions.
  4447 | Sewer    | 4447 ||| DROPPING potion of brilliance.
  4471 | D:5      | 4471 ||| PLANNING D:1-11
  4502 | D:5      | Found a burning altar of Makhleb.
  4611 | D:6      | Found a staircase to the Ecumenical Temple.
  4612 | D:6      | 4612 ||| PLANNING TEMPLE
  4624 | Temple   | Entered the Ecumenical Temple
  4632 | Temple   | 4632 ||| PLANNING OKAWARU WORSHIP
  4709 | Temple   | Became a worshipper of Warmaster Okawaru
  4710 | Temple   | 4710 ||| PLANNING D:1-11
  4813 | D:6      | Noticed Menkaure
  4818 | D:6      | Killed Menkaure
  4821 | D:6      | Reached XP level 8. HP: 51/68 MP: 8/8
  5087 | D:6      | Reached skill level 3 in Dodging
  5163 | D:6      | Reached skill level 9 in Ranged Weapons
  5194 | D:6      | 5194 ||| Stepping ~*~*~tactically~*~*~ (outnumbered).
  5197 | D:6      | 5197 ||| Stepping ~*~*~tactically~*~*~ (outnumbered).
  5201 | D:6      | 5201 ||| Stepping ~*~*~tactically~*~*~ (outnumbered).
  5215 | D:6      | Reached skill level 6 in Fighting
  5318 | D:6      | 5318 ||| SWAPPING to +0 orcbow.
  5321 | D:6      | 5321 ||| DROPPING +3 sling of flaming.
  5375 | D:6      | Reached * piety under Okawaru
  5503 | D:6      | 5503 ||| DROPPING ring of magical power.
  5504 | D:6      | 5504 ||| READING scroll labelled UQIFUS RAOCHO.
  5505 | D:6      | 5505 ||| READING 6 scrolls of identify.
  5505 | D:6      | 5505 ||| IDENTIFYING fizzy golden potion
  5532 | D:7      | 5532 ||| STAIRDANCE
  5631 | D:7      | 5631 ||| STAIRDANCE
  5640 | D:6      | 5640 ||| INVOKING Heroism.
  5731 | D:7      | 5731 ||| STAIRDANCE
  5737 | D:6      | Reached skill level 10 in Ranged Weapons
  5737 | D:6      | Reached skill level 1 in Invocations
  5946 | D:7      | 5946 ||| INVOKING Heroism.
  6073 | D:7      | Reached skill level 3 in Invocations
  6085 | D:7      | 6085 ||| INVOKING Heroism.
  6087 | D:7      | Reached XP level 9. HP: 31/69 MP: 7/10
  6351 | D:7      | Found a shimmering blue altar of Sif Muna.
  6364 | D:7      | Found Oqorghox's Overcharged Wands.
  6373 | D:7      | 6373 ||| READING 5 scrolls of identify.
  6373 | D:7      | 6373 ||| IDENTIFYING black potion
  6479 | D:7      | 6479 ||| INVOKING Heroism.
  6571 | D:7      | Reached ** piety under Okawaru
  6574 | D:7      | Reached skill level 11 in Ranged Weapons
  6575 | D:7      | 6575 ||| INVOKING Heroism.
  6580 | D:7      | Reached skill level 3 in Armour
  6824 | D:7      | Noticed Maggie
  6845 | D:7      | Killed Maggie
  6892 | D:7      | 6892 ||| READING scroll of brand weapon.
  6892 | D:7      | 6892 ||| BRANDING +0 orcbow.
  7136 | D:7      | 7136 ||| UPGRADING to +0 steam dragon scales.
  7146 | D:7      | 7146 ||| DROPPING +0 ring mail.
  7147 | D:7      | 7147 ||| DROPPING potion of ambrosia.
  7178 | D:8      | 7178 ||| STAIRDANCE
  7281 | D:8      | Found a snail-covered altar of Cheibriados.
  7298 | D:8      | Reached skill level 12 in Ranged Weapons
  7365 | D:8      | Found a broken altar of Ashenzari.
  7402 | D:8      | 7402 ||| INVOKING Heroism.
  7418 | D:8      | Reached XP level 10. HP: 56/88 MP: 10/12
  7541 | D:8      | Reached *** piety under Okawaru
  7553 | D:8      | Reached skill level 6 in Dodging
  7575 | D:8      | Found a basalt altar of Yredelemnul.
  7684 | D:8      | Found a white marble altar of Elyvilon.
  7696 | D:8      | Found a runed translucent door.
  7700 | D:8      | Noticed qw's ghost (novice DEHu)
  7701 | D:8      | Noticed Gastronok
  7702 | D:8      | 7702 ||| INVOKING Heroism.
  7712 | D:8      | Killed Gastronok
  7713 | D:8      | Reached skill level 13 in Ranged Weapons
  7890 | D:8      | Noticed Grum
  7891 | D:8      | 7891 ||| INVOKING Heroism.
  7912 | D:8      | Killed Grum
  7913 | D:8      | Reached skill level 9 in Fighting
  8305 | D:8      | 8305 ||| READING 5 scrolls of identify.
  8305 | D:8      | 8305 ||| IDENTIFYING white potion
  8306 | D:8      | 8306 ||| DROPPING potion of lignification.
  8327 | D:9      | 8327 ||| FLEEEEING.
  8330 | D:9      | 8330 ||| STAIRDANCE
  8388 | D:9      | 8388 ||| STAIRDANCE
  8457 | D:9      | Reached **** piety under Okawaru
  8464 | D:9      | 8464 ||| STAIRDANCE
  8609 | D:9      | Noticed a two-headed ogre
  8610 | D:9      | 8610 ||| INVOKING Heroism.
  8623 | D:9      | Killed a two-headed ogre
  8623 | D:9      | Received a gift from Okawaru
  8624 | D:9      | Reached skill level 14 in Ranged Weapons
  8721 | D:9      | 8721 ||| INVOKING Heroism.
  8858 | D:9      | Reached XP level 11. HP: 97/97 MP: 13/13
  8945 | D:9      | 8945 ||| INVOKING Heroism.
  8946 | D:9      | 8946 ||| Stepping ~*~*~tactically~*~*~ (outnumbered).
  8952 | D:9      | 8952 ||| Stepping ~*~*~tactically~*~*~ (outnumbered).
  9030 | D:9      | Found a shadowy altar of Dithmenos.
  9183 | D:9      | 9183 ||| UPGRADING to +0 pair of gloves.
  9188 | D:9      | 9188 ||| DROPPING ring of willpower.
  9189 | D:9      | 9189 ||| DROPPING ring of positive energy.
  9217 | D:10     | Entered Level 10 of the Dungeon
  9237 | D:10     | Found Totrezor's Antique Weapon Shoppe.
  9257 | D:10     | Found Wesov's Distillery.
  9265 | D:10     | 9265 ||| BUYING 2 potions of curing (72 gold).
  9265 | D:10     | Bought 2 potions of curing for 72 gold pieces
  9265 | D:10     | 9265 ||| BUYING 2 potions of enlightenment (120 gold).
  9265 | D:10     | Bought 2 potions of enlightenment for 120 gold pieces
  9265 | D:10     | 9265 ||| BUYING potion of curing (36 gold).
  9265 | D:10     | Bought a potion of curing for 36 gold pieces
  9265 | D:10     | 9265 ||| BUYING potion of curing (36 gold).
  9265 | D:10     | Bought a potion of curing for 36 gold pieces
  9265 | D:10     | 9265 ||| BUYING potion of resistance (120 gold).
  9265 | D:10     | Bought a potion of resistance for 120 gold pieces
  9290 | D:10     | Noticed a two-headed ogre
  9291 | D:10     | 9291 ||| INVOKING Heroism.
  9304 | D:10     | Killed a two-headed ogre
  9416 | D:10     | Found Keapixzy's Weapon Emporium.
  9559 | D:10     | Found Etaar's Distillery.
  9562 | D:10     | 9562 ||| BUYING 2 potions of curing (84 gold).
  9562 | D:10     | Bought 2 potions of curing for 84 gold pieces
  9562 | D:10     | 9562 ||| SHOPLISTING potion of haste (140 gold, have 80).
  9616 | D:10     | 9616 ||| INVOKING Heroism.
  9622 | D:10     | Reached skill level 6 in Invocations
  9676 | D:10     | 9676 ||| FLEEEEING.
  9677 | D:10     | 9677 ||| FLEEEEING.
  9678 | D:10     | 9678 ||| FLEEEEING.
  9679 | D:10     | 9679 ||| FLEEEEING.
  9680 | D:10     | 9680 ||| FLEEEEING.
  9685 | D:10     | 9685 ||| FLEEEEING.
  9686 | D:10     | 9686 ||| FLEEEEING.
  9687 | D:10     | 9687 ||| FLEEEEING.
  9688 | D:10     | 9688 ||| FLEEEEING.
  9689 | D:10     | 9689 ||| FLEEEEING.
  9694 | D:10     | 9694 ||| FLEEEEING.
  9695 | D:10     | 9695 ||| FLEEEEING.
  9696 | D:10     | 9696 ||| FLEEEEING.
  9697 | D:10     | 9697 ||| FLEEEEING.
  9739 | D:10     | 9739 ||| Stepping ~*~*~tactically~*~*~ (outnumbered).
  9741 | D:10     | 9741 ||| Stepping ~*~*~tactically~*~*~ (outnumbered).
  9757 | D:10     | Noticed Sonja
  9758 | D:10     | Paralysed by Sonja for 3 turns
  9773 | D:10     | Killed Sonja
  9773 | D:10     | Received a gift from Okawaru
  9855 | D:10     | Found a hide-covered altar of Uskayaw.
  9889 | D:10     | Noticed Josephine
  9899 | D:10     | Killed Josephine
  9899 | D:10     | Reached ***** piety under Okawaru
  9994 | D:10     | Identified the ring "Viysu" {rElec rPois Int-2 SInv Stlth+}
 10104 | D:10     | 10104 ||| UPGRADING to ring "Viysu" {rElec rPois Int-2 SInv
                  | Stlth+}.
 10106 | D:10     | 10106 ||| READING scroll labelled NOF SAULIPUPNI.
 10123 | D:11     | 10123 ||| INVOKING Heroism.
 10209 | D:11     | 10209 ||| Stepping ~*~*~tactically~*~*~ (outnumbered).
 10217 | D:11     | Received a gift from Okawaru
 10282 | D:11     | 10282 ||| SWAPPING to +2 arbalest of flaming.
 10283 | D:11     | 10283 ||| DROPPING +0 orcbow of flaming.
 10313 | D:11     | Found a staircase to the Lair.
 10318 | D:11     | 10318 ||| Stepping ~*~*~tactically~*~*~ (outnumbered).
 10348 | D:11     | Noticed a brown ugly thing
 10351 | D:11     | Killed a brown ugly thing
 10445 | D:11     | Found a portal to a secret trove of treasure.
 10577 | D:11     | Noticed a boulder beetle
 10578 | D:11     | 10578 ||| INVOKING Heroism.
 10579 | D:11     | 10579 ||| INVOKING Finesse.
 10587 | D:11     | Killed a boulder beetle
 10588 | D:11     | Reached skill level 15 in Ranged Weapons
 10788 | D:11     | Noticed a skeletal warrior
 10789 | D:11     | 10789 ||| INVOKING Heroism.
 10796 | D:11     | Killed a skeletal warrior
 10838 | D:11     | Noticed a skeletal warrior
 10844 | D:11     | 10844 ||| INVOKING Heroism.
 10848 | D:11     | Noticed a skeletal warrior
 10860 | D:11     | Killed a skeletal warrior
 10861 | D:11     | Reached XP level 12. HP: 30/106 MP: 17/17
 10863 | D:11     | HP: 16/106 [skeletal warrior/+0 short sword (15)]
 10864 | D:11     | 10864 ||| READING scroll of teleportation.
 10864 | D:11     | Slain by a skeletal warrior

Levels and vault maps discovered:
D:1:      wander_arrival_desolate, layout_loops_corners,
          ebering_ecumenical_altar_petrified
D:2:      layout_basic
D:3:      layout_rooms, doesnt_xom_only_xom, dk_vineyard_2,
          uniq_crazy_yiuf_cottage, uniq_ijyb
D:4:      layout_basic, old_standard_altar, nicolae_overflow_squiral
D:5:      layout_cave_pools, mainiacjoe_overflow_small_starburst,
          lightli_sewer_entry_pipes, gammafunk_ghost_smash
D:6:      layout_loops_ring, minmay_temple_entry_large_hall,
          dreamdust_mushroom_princess, nicolae_benzene_ring, uniq_menkaure
D:7:      layout_basic, overflow_temple_1_default,
          nicolae_shop_overcharged_wands, uniq_maggie
D:8:      layout_cave_pools, cheibrodos_ashenzari_chains, slow_altar_1,
          elyvilon_altar_1, nicolae_yredelemnul_corpse_copse,
          hellmonk_ghost_happy_afterlife, uniq_gastronok, uniq_grum
D:9:      layout_cave_pools, general_overflow_altar, st_stairs_3
D:10:     layout_irregular_city, lemuel_tele_altar, serial_shops, shop,
          nicolae_shop_tiny_real_fake_doors, shop, shop, uniq_josephine,
          uniq_sonja
D:11:     layout_loops_cross, due_lair_maze_entry_diamond,
          trove_entry_hex_spiral
Temple:   zaba_magenta_temple

Skill      XL: |  1  2  3  4  5  6  7  8  9 10 11 |
---------------+----------------------------------+-----
Ranged Weapons | 3 4 5 6 7 8 10 12 14 15 | 15.0
Fighting       | 2 3 4 5 7 8 9 10 | 10.0
Armour         | 1 2 3 4 |  4.0
Dodging        | 3 5 6 7 |  7.6
Invocations    | 3 4 8 |  8.6
Spellcasting   | |  1.0
Hexes          | |  2.0

Action                     |  1- 3 |  4- 6 |  7- 9 | 10-12 || total
---------------------------+-------+-------+-------+-------++-------
   Fire: Sling             |    88 |   175 |   109 |       ||   372
         Orcbow            |       |       |   234 |   331 ||   565
         Arbalest          |       |       |       |    62 ||    62
 Invoke: Heroism           |       |       |     6 |    11 ||    17
         Finesse           |       |       |       |     1 ||     1
    Use: Scroll            |     6 |    15 |     5 |     3 ||    29
         Potion            |     2 |     3 |     1 |       ||     6
 Armour: Robe              |     8 |     4 |       |       ||    12
         Ring mail         |       |    54 |    65 |       ||   119
         Steam dragon scal |       |       |     6 |    54 ||    60
  Dodge: Dodged            |    12 |    44 |   167 |   158 ||   381

Table legend:
 A = Non-vault XP
 B = Vault XP
 C = Vault XP percentage of total XP
 D = Non-vault monster count
 E = Vault monster count
 F = Vault count percentage of total count
                 A         B        C        D         E       F
            +---------+---------+-------+---------+---------+-------
      Total |   14892 |    7300 |  32.9 |     227 |      62 |  21.5
            +---------+---------+-------+---------+---------+-------
        D:1 |      33 |       0 |   0.0 |      16 |       0 |   0.0
        D:2 |      65 |       0 |   0.0 |      12 |       0 |   0.0
        D:3 |      38 |      38 |  50.0 |      13 |       1 |   7.1
        D:4 |     374 |       0 |   0.0 |      26 |       0 |   0.0
        D:5 |     240 |      51 |  17.5 |      15 |       6 |  28.6
        D:6 |     938 |     165 |  15.0 |      25 |       1 |   3.8
        D:7 |    2019 |     415 |  17.1 |      27 |       1 |   3.6
        D:8 |    1298 |    2802 |  68.3 |      24 |      13 |  35.1
        D:9 |    2381 |     284 |  10.7 |      31 |       2 |   6.1
       D:10 |    2809 |    2300 |  45.0 |      17 |       5 |  22.7
       D:11 |    4697 |     919 |  16.4 |      21 |       8 |  27.6
      Sewer |       0 |     326 | 100.0 |       0 |      25 | 100.0
            +---------+---------+-------+---------+---------+-------
